 Dungeon Crawl Stone Soup version 0.30-a0-46-g5a63ccc183 (webtiles) character file.

Game seed: 612743360234398411

112 Newt the Trooper (level 4, -4/37 HPs)
             Began as a Demonspawn Gladiator on Sept 1, 2022.
             Splashed by a jelly's acid (9 damage)
             ... on level 3 of the Dungeon.
             The game lasted 00:03:18 (3104 turns).

Newt the Trooper (Demonspawn Gladiator)             Turns: 3104, Time: 00:03:18

Health: -4/37      AC: -4    Str: 16    XL:     4   Next: 63%
Magic:  4/4        EV: 12    Int: 10    God:
Gold:   163        SH:  0    Dex: 14    Spells: 3/3 levels left

rFire   . . .      SeeInvis .    e - +2 dagger (venom)
rCold   . . .      Faith    .    (no shield)
rNeg    . . .      Spirit   .    b - +0 leather armour
rPois   .          Reflect  .    c - +0 helmet
rElec   .          Harm     .    (no cloak)
rCorr   .          Rampage  .    (no gloves)
Will    .....                    (no boots)
Stlth   ++........               (no amulet)
HPRegen 0.12/turn                (no ring)
MPRegen 0.09/turn                (no ring)

@: corroded
A: sturdy frame 2
a: no special abilities


You were on level 3 of the Dungeon.
You visited 1 branch of the dungeon, and saw 3 of its levels.

You collected 163 gold pieces.

Inventory:

Hand Weapons
 a - a +0 rapier
 e - a +2 dagger of venom (weapon)
 g - a +0 falchion
 n - a +1 short sword of draining
Missiles
 d - 4 throwing nets (quivered)
 i - 6 poisoned darts
 p - a javelin
Armour
 b - a +0 leather armour (worn)
 c - a +0 helmet (worn)
Jewellery
 f - a ring of flight
Scrolls
 h - 4 scrolls of teleportation
 o - 2 scrolls of poison
Potions
 j - 4 potions of attraction
 k - a potion of berserk rage
 l - a potion of invisibility
 m - 2 potions of heal wounds


   Skills:
 - Level 4.0 Fighting
 + Level 3.1 Short Blades
 - Level 1.7 Throwing
 - Level 2.6 Dodging
 - Level 2.0 Stealth


You had 3 spell levels left.
You didn't know any spells.
Your spell library contained the following spells:

 Spells                   Type           Power      Damage    Failure   Level
 Tukima's Dance           Hex            0%         N/A       75%         3
 Passage of Golubria      Tloc           0%         N/A       98%         4
 Yara's Violent Unravell  Hex/Tmut       0%         3d3       100%        5


Dungeon Overview and Level Annotations

Branches:
Dungeon (3/15)

Altars:

Portals:
Abyss: D:3

Annotations:
D:3 1 transporter, LnG's ghost, amateur HOFi


Innate Abilities, Weirdness & Mutations

Your movements are less encumbered by armour. (ER -4)


Message History

The endoplasm hits you but does no damage.
You hit the endoplasm.
The endoplasm is lightly wounded.
The endoplasm freezes you.
You are frozen.
The endoplasm freezes you.
You are frozen.
The endoplasm jiggles.
There is an open door here.
The endoplasm attacks as you move away! The endoplasm hits you.
A nearby fungus withers and dies.
The endoplasm jiggles.
You hit the endoplasm.
You kill the endoplasm!
You hit the endoplasm.
The endoplasm is almost dead.
The endoplasm freezes you.
You are frozen.
You hit the endoplasm.
You kill the endoplasm!
You completely miss the endoplasm. The endoplasm misses you.
You hit the endoplasm.
The endoplasm is heavily wounded.
You hit the jelly.
Your hands burn!
The jelly is lightly wounded.
You hit the jelly but do no damage. The acid corrodes you!
Your hands burn!
The jelly is lightly wounded.
The jelly barely misses you.
You hit the jelly but do no damage.
The jelly is poisoned.
The acid corrodes you!
Your hands burn!
The jelly is lightly wounded.
The jelly barely misses you.
You hit the jelly.
Your hands burn!
* * * LOW HITPOINT WARNING * * *
The jelly is moderately wounded.
Unknown command.
The jelly attacks as you move away! The jelly hits you.
* * * LOW HITPOINT WARNING * * *
The acid corrodes you!
You are splashed with acid!
You die...

#...# #....#....#
#......###.# #...#
###.###.### ##...#......
#...# ### ### ##.######.#
#...# ######## ### #..
...## #..÷.J÷##########
#.# ...#
#.PP.÷.J##......##### #.#
...#
#....J.#J#.......##.# #.#
...#
#P.....#J#........'.###.#
...#
#..J...#@#.......))))...#
...#
#.P.P÷P#.#'#......'.#####
####
#.J.J.J#.#.#[....##.#
#.P....#.#.#....#####
#[..JJ.##.####### ###


You could see a jelly (poisoned) and 2 endoplasms.

Vanquished Creatures
  4 adders
  A worm (D:3)
  3 orcs (D:2)
  6 endoplasms
  3 giant cockroaches (D:1)
  3 goblins
  6 hobgoblins
  8 kobolds (D:3)
  5 quokkas
  10 ball pythons
  7 bats
  2 frilled lizards
  8 rats
66 creatures vanquished.

Vanquished Creatures (others)
  4 fungi
  3 plants (D:2)
  9 toadstools (D:3)
16 creatures vanquished.

Grand Total: 82 creatures vanquished

Notes
Turn   | Place    | Note
-------+----------+-------------------------------------------
     0 | D:1      | Newt the Demonspawn Gladiator began the quest for the Orb.
     0 | D:1      | Reached XP level 1. HP: 16/16 MP: 1/1
   109 | D:1      | Reached skill level 1 in Stealth
   673 | D:1      | Gained mutation: Your movements are slightly less
                  | encumbered by armour. (ER -2) [demonic ancestry]
   673 | D:1      | Reached XP level 2. HP: 22/22 MP: 2/2
  1235 | D:1      | Reached XP level 3. HP: 20/28 MP: 3/3
  1521 | D:2      | Reached skill level 3 in Fighting
  1995 | D:2      | Gained mutation: Your movements are less encumbered by
                  | armour. (ER -4) [demonic ancestry]
  1995 | D:2      | Reached XP level 4. HP: 31/37 MP: 4/4
  2251 | D:2      | Found a faded altar of an unknown god.
  2376 | D:3      | Reached skill level 4 in Fighting
  2466 | D:3      | Found a transporter.
  2603 | D:3      | Found a one-way gate to the infinite horrors of the Abyss.
  2603 | D:3      | Noticed LnG's ghost (amateur HOFi)
  3104 | D:3      | Splashed by a jelly's acid

Illustrated notes

Levels and vault maps discovered:
D:1:      evilmike_arrival_hilbert_curve, layout_rooms,
          chequers_serial_rivers_small_b
D:2:      layout_rooms, dreamdust_ecumenical_altar_grove, hangedman_decor_push,
          guppyfry_early_orc_mine
D:3:      cheibrodos_fertilizer, layout_loops_corners,
          gammafunk_ghost_abyssal_escape, moated_statue

Skill      XL: |  1  2  3  4 |
---------------+-------------+-----
Stealth        | 1 2 |  2.0
Fighting       | 3 4 |  4.0
Short Blades   | 3 |  3.1
Throwing       | |  1.7
Dodging        | |  2.6

Action                   |  1- 3 |  4- 6 || total
-------------------------+-------+-------++-------
Melee: Rapier            |   134 |    20 ||   154
       Punch             |     2 |     1 ||     3
       Dagger            |       |    50 ||    50
Throw: Throwing net      |       |     2 ||     2
       Javelin           |       |     1 ||     1
  Use: Scroll            |     7 |     2 ||     9
       Potion            |     1 |       ||     1
 Stab: Sleeping          |     3 |     3 ||     6
       Held in net/web   |       |     1 ||     1
Armor: Leather armour    |    54 |    23 ||    77
Dodge: Dodged            |   114 |    46 ||   160

Table legend: (Time is in decaauts)
 A = Elapsed time spent in this place.
 B = Non-inter-level travel time spent in this place.
 C = Inter-level travel time spent in this place.
 D = Time resting spent in this place.
 E = Time spent auto-exploring this place.
 F = Levels seen in this place.
 G = Mean time per level.
                   A        B        C        D        E       F      G
               +--------+--------+--------+--------+--------+-----+--------+
         Total |   3108 |   3094 |     14 |    869 |   1738 |   3 | 1036.0 |
       Dungeon |   3108 |   3094 |     14 |    869 |   1738 |   3 | 1036.0 |
               +--------+--------+--------+--------+--------+-----+--------+

Top non-repeatable levels by time:
     D:1: 1460 daAuts
     D:2: 914 daAuts
     D:3: 732 daAuts
